[Event "EYCC Open-U16 2019"]
[Site "Bratislava"]
[Date "2019.08.06"]
[Round "5.47"]
[White "Akulov, Lev"]
[Black "Magold, Victor"]
[Result "1/2-1/2"]
[ECO "B43"]
[WhiteElo "2068"]
[BlackElo "1962"]
[Annotator "NA"]
[PlyCount "63"]
[EventDate "2019.08.02"]
[EventType "swiss"]
[EventCountry "SVK"]
[SourceTitle "playchess.com"]
[Source "ChessBase"]
[SourceQuality "1"]
[TimeControl "40/5400+30:1800+30"]

1. e4 c5 2. Nf3 e6 3. d4 cxd4 4. Nxd4 a6 5. Nc3 Qc7 6. Bd3 Nf6 7. O-O Be7 8. Kh1 Nc6 9. Nxc6 bxc6 10. f4 d5 11. e5 Nd7 12. Qg4 g6 13. Bd2 Bb7 14. Rae1 O-O-O 15. Na4 c5 16. b3 Nb8 17. Qe2 h5 18. Rb1 Rdg8 19. c4 d4 20. b4 cxb4 21. Bxb4 Bc6 22. Bxe7 Qxe7 23. Nb6+ Kc7 24. Qb2 Qc5 25. Na4 Bxa4 26. Qb7+ Kd8 27. Qxb8+ Ke7 28. Qb7+ Bd7 29. Be4 a5 30. Qa6 Bc8 31. Rb5 Qxc4 32. Qd6+ {Qc5 Qa6 Bxa6} 1/2-1/2

[Event "EYCC Open-U16 2019"]
[Site "Bratislava"]
[Date "2019.08.06"]
[Round "5.48"]
[White "Sanger, Jake M"]
[Black "Dabic, Stjepan"]
[Result "1-0"]
[ECO "A48"]
[WhiteElo "1867"]
[BlackElo "2102"]
[Annotator "NA"]
[PlyCount "45"]
[EventDate "2019.08.02"]
[EventType "swiss"]
[EventCountry "SVK"]
[SourceTitle "playchess.com"]
[Source "ChessBase"]
[SourceQuality "1"]
[TimeControl "40/5400+30:1800+30"]

1. d4 Nf6 2. Nf3 g6 3. Nc3 d5 4. Bf4 Bg7 5. e3 Bg4 6. Be2 c6 7. Ne5 Bxe2 8. Qxe2 Nh5 9. g4 Nxf4 10. exf4 Nd7 11. h4 Qb6 12. O-O-O O-O-O 13. Nxf7 Bxd4 14. Rh3 Rhf8 15. Nxd8 Kxd8 16. Na4 Qb4 17. c3 Qxa4 18. Rxd4 Qxa2 19. c4 Qa1+ 20. Kc2 e6 21. Ra3 Qh1 22. cxd5 exd5 23. Rxa7 1-0

[Event "EYCC Open-U16 2019"]
[Site "Bratislava"]
[Date "2019.08.07"]
[Round "6.1"]
[White "Teclaf, Pawel"]
[Black "Pogosyan, Stefan"]
[Result "1/2-1/2"]
[ECO "A05"]
[WhiteElo "2454"]
[BlackElo "2334"]
[Annotator "ChessBase"]
[PlyCount "53"]
[EventDate "2019.08.02"]
[EventType "swiss"]
[EventCountry "SVK"]
[SourceTitle "playchess.com"]
[Source "ChessBase"]
[SourceQuality "1"]
[TimeControl "40/5400+30:1800+30"]

1. Nf3 Nf6 2. b3 e6 3. Bb2 b6 4. g3 Bb7 5. Bg2 Be7 6. O-O O-O 7. c4 d5 8. e3 c5 9. Qe2 Nc6 10. Rd1 Qc7 11. Nc3 dxc4 12. bxc4 Rad8 13. d3 Rd7 14. Ne1 Nb4 15. f4 Bxg2 16. Kxg2 Rfd8 17. g4 a6 18. a3 Nc6 19. Rab1 Ne8 20. Ba1 Bf8 21. h4 Nd6 22. Nf3 b5 23. cxb5 Nxb5 24. Nxb5 axb5 25. Rxb5 Qa7 26. Rb3 c4 27. Rc3 1/2-1/2

[Event "EYCC Open-U16 2019"]
[Site "Bratislava"]
[Date "2019.08.07"]
[Round "6.2"]
[White "Sahidi, Samir"]
[Black "Barseghyan, Armen Ar."]
[Result "1/2-1/2"]
[ECO "A48"]
[WhiteElo "2369"]
[BlackElo "2313"]
[Annotator "NA"]
[PlyCount "59"]
[EventDate "2019.08.02"]
[EventType "swiss"]
[EventCountry "SVK"]
[SourceTitle "playchess.com"]
[Source "ChessBase"]
[SourceQuality "1"]
[TimeControl "40/5400+30:1800+30"]

1. d4 Nf6 2. Nf3 g6 3. Bf4 Bg7 4. e3 d6 5. h3 O-O 6. Be2 Nc6 7. c3 Ne4 8. O-O e5 9. Bh2 f5 10. dxe5 Nxe5 11. Nd4 Kh8 12. Nd2 Qe7 13. Qc2 Nxd2 14. Qxd2 Bd7 15. Rad1 Rae8 16. Kh1 g5 17. f4 Ng6 18. fxg5 Qxg5 19. Bf3 b6 20. Bf4 Nxf4 21. exf4 Qg3 22. Bd5 Re7 23. Rf3 Qh4 24. Qf2 Qxf2 25. Rxf2 Rfe8 26. Kh2 a5 27. Nc6 Re2 28. Rd2 R2e3 29. Rf3 Re1 30. Rff2 1/2-1/2

[Event "EYCC Open-U16 2019"]
[Site "Bratislava"]
[Date "2019.08.07"]
[Round "6.3"]
[White "Ognean, Mihnea-Ionut"]
[Black "Globus, Or"]
[Result "1/2-1/2"]
[ECO "E20"]
[WhiteElo "2287"]
[BlackElo "2352"]
[Annotator "NA"]
[PlyCount "28"]
[EventDate "2019.08.02"]
[EventType "swiss"]
[EventCountry "SVK"]
[SourceTitle "playchess.com"]
[Source "ChessBase"]
[SourceQuality "1"]
[TimeControl "40/5400+30:1800+30"]

1. d4 Nf6 2. c4 e6 3. Nc3 Bb4 4. f3 c5 5. d5 d6 6. e4 b5 7. dxe6 Bxe6 8. Bf4 O-O 9. Qxd6 Qa5 10. Nge2 Bxc4 11. a3 Na6 12. Bg5 Bxe2 13. Bxf6 gxf6 14. Qxf6 Bxc3+ 1/2-1/2

[Event "EYCC Open-U16 2019"]
[Site "Bratislava"]
[Date "2019.08.07"]
[Round "6.4"]
[White "De Boer, Eelke"]
[Black "Milosevic, Milos"]
[Result "1-0"]
[ECO "C18"]
[WhiteElo "2279"]
[BlackElo "2312"]
[Annotator "NA"]
[PlyCount "89"]
[EventDate "2019.08.02"]
[EventType "swiss"]
[EventCountry "SVK"]
[SourceTitle "playchess.com"]
[Source "ChessBase"]
[SourceQuality "1"]
[TimeControl "40/5400+30:1800+30"]

1. e4 e6 2. d4 d5 3. Nc3 Bb4 4. e5 c5 5. a3 Bxc3+ 6. bxc3 Qa5 7. Bd2 Qa4 8. Qg4 Kf8 9. Qd1 b6 10. dxc5 bxc5 11. Rb1 Ba6 12. Bxa6 Qxa6 13. Qe2 Qc6 14. c4 d4 15. Nf3 Ne7 16. O-O h6 17. c3 dxc3 18. Bxc3 Nc8 19. Rfd1 Nd7 20. Rxd7 Qxd7 21. Qe4 Nb6 22. Rxb6 axb6 23. Qxa8+ Qe8 24. Qb7 Qd8 25. Nd2 Kg8 26. Qf3 Qd7 27. Ne4 Kh7 28. Nd6 Rf8 29. g4 Qa4 30. g5 Qxa3 31. g6+ Kxg6 32. Qd3+ Kh5 33. Qe2+ Kg6 34. Qc2+ Kh5 35. Ne4 Qa8 36. Ng3+ Kh4 37. Qe2 g6 38. Qe3 g5 39. Qe2 g4 40. Qe3 Rh8 41. Ne4 Kh5 42. Qf4 f5 43. exf6 Qd8 44. Ng3+ Kh4 45. f7 1-0

[Event "EYCC Open-U16 2019"]
[Site "Bratislava"]
[Date "2019.08.07"]
[Round "6.5"]
[White "Dudin, Gleb"]
[Black "Juksta, Karolis"]
[Result "1/2-1/2"]
[ECO "A06"]
[WhiteElo "2283"]
[BlackElo "2261"]
[Annotator "NA"]
[PlyCount "131"]
[EventDate "2019.08.02"]
[EventType "swiss"]
[EventCountry "SVK"]
[SourceTitle "playchess.com"]
[Source "ChessBase"]
[SourceQuality "1"]
[TimeControl "40/5400+30:1800+30"]

1. Nf3 d5 2. e3 Nf6 3. c4 e6 4. Nc3 a6 5. a3 b6 6. d4 Bb7 7. Bd3 Nbd7 8. O-O Bd6 9. cxd5 exd5 10. b4 O-O 11. Qb3 Qe7 12. b5 axb5 13. Nxb5 c5 14. Nxd6 Qxd6 15. Qb1 Ba6 16. Re1 Bxd3 17. Qxd3 c4 18. Qc2 b5 19. Rb1 Rfb8 20. Nd2 b4 21. axb4 Rxb4 22. Bb2 Ra2 23. Qc1 Ne4 24. Nxe4 dxe4 25. Bc3 Rb3 26. Ra1 Rxa1 27. Bxa1 Nb6 28. Qc2 f5 29. d5 Qxd5 30. Bd4 Na4 31. Rc1 Qb5 32. g4 g6 33. Qxc4+ Qxc4 34. Rxc4 Nb2 35. Rc8+ Kf7 36. Rc7+ Ke6 37. gxf5+ gxf5 38. Rxh7 Nd3 39. Rh6+ Kd5 40. Rh5 Ke6 41. Rh6+ Kd5 42. Rb6 Rxb6 43. Bxb6 Ke6 44. Bc7 Kf6 45. Bg3 Kg5 46. h3 Kh5 47. Kf1 Nc5 48. Bd6 Nd3 49. Be7 Ne5 50. Bf6 Nf3 51. Bc3 Kg5 52. Kg2 Kg6 53. Kg3 Kg5 54. Ba5 Ne5 55. h4+ Kg6 56. Bc3 Nf3 57. Ba1 Ne1 58. Bh8 Nd3 59. Bc3 Kh5 60. Ba1 Kg6 61. Bc3 Kh5 62. Bd4 Kg6 63. f3 exf3 64. Kxf3 Kh5 65. Bf6 Kg6 {[%emt 0:00:08] Ke4} 66. Ke2 1/2-1/2

[Event "EYCC Open-U16 2019"]
[Site "Bratislava"]
[Date "2019.08.07"]
[Round "6.6"]
[White "Van Dael, Siem"]
[Black "Sargsyan, Tigran R."]
[Result "1-0"]
[ECO "C12"]
[WhiteElo "2319"]
[BlackElo "2314"]
[Annotator "NA"]
[PlyCount "49"]
[EventDate "2019.08.02"]
[EventType "swiss"]
[EventCountry "SVK"]
[SourceTitle "playchess.com"]
[Source "ChessBase"]
[SourceQuality "1"]
[TimeControl "40/5400+30:1800+30"]

1. e4 e6 2. d4 d5 3. Nc3 Nf6 4. Bg5 Bb4 5. e5 h6 6. Bc1 Ne4 7. Qg4 g6 8. a3 Bxc3+ 9. bxc3 c5 10. Bd3 cxd4 11. Ne2 dxc3 12. Bxe4 dxe4 13. Ng3 Qd4 14. Nxe4 Qxe5 15. O-O Nc6 16. Re1 Kf8 17. Bf4 Qf5 18. Qh4 Kg7 19. Nd6 Qc5 20. Rab1 e5 21. Ne8+ Kf8 22. Qf6 Rh7 23. Bxe5 Nxe5 24. Rxe5 Qxa3 25. Nc7 1-0

[Event "EYCC Open-U16 2019"]
[Site "Bratislava"]
[Date "2019.08.07"]
[Round "6.7"]
[White "Stoyanov, Tsvetan"]
[Black "Malovanyi, Yulian"]
[Result "1/2-1/2"]
[ECO "B38"]
[WhiteElo "2387"]
[BlackElo "2204"]
[Annotator "NA"]
[PlyCount "105"]
[EventDate "2019.08.02"]
[EventType "swiss"]
[EventCountry "SVK"]
[SourceTitle "playchess.com"]
[Source "ChessBase"]
[SourceQuality "1"]
[TimeControl "40/5400+30:1800+30"]

1. e4 c5 2. Nf3 Nc6 3. d4 cxd4 4. Nxd4 g6 5. c4 Bg7 6. Be3 Nf6 7. Nc3 O-O 8. Be2 d6 9. h3 Nxd4 10. Bxd4 Bd7 11. O-O Bc6 12. Qc2 a5 13. Rad1 Nd7 14. Bxg7 Kxg7 15. Bg4 Qe8 16. Bxd7 Bxd7 17. a4 Rc8 18. b3 Rc5 19. Nd5 Bc6 20. Rfe1 f6 21. Qb2 Rf7 22. Re3 Qd8 23. h4 Qd7 24. Qe2 Kh8 25. f4 e5 26. fxe5 Bxd5 27. exd5 fxe5 28. Rf1 Rc8 29. Rxf7 Qxf7 30. Rf3 Qe7 31. Qf2 Kg8 32. h5 Rf8 33. hxg6 hxg6 34. Rxf8+ Qxf8 35. Qa7 Qf4 36. Qb8+ Kg7 37. Qxb7+ Kh6 38. Qb6 Qc1+ 39. Kh2 Qf4+ 40. Kg1 Qc1+ 41. Kh2 Qf4+ 42. g3 Qd2+ 43. Kg1 Qe1+ 44. Kg2 Qe4+ 45. Kf2 Qc2+ 46. Kg1 Qb1+ 47. Kf2 Qc2+ 48. Kf1 Qb1+ 49. Kg2 Qe4+ 50. Kh2 Qe2+ 51. Kg1 Qe1+ 52. Kg2 Qe4+ 53. Kf2 1/2-1/2

[Event "EYCC Open-U16 2019"]
[Site "Bratislava"]
[Date "2019.08.07"]
[Round "6.8"]
[White "Tsoi, Dmitry"]
[Black "Kacharava, Nikolozi"]
[Result "1-0"]
[ECO "A03"]
[WhiteElo "2314"]
[BlackElo "2431"]
[Annotator "NA"]
[PlyCount "75"]
[EventDate "2019.08.02"]
[EventType "swiss"]
[EventCountry "SVK"]
[SourceTitle "playchess.com"]
[Source "ChessBase"]
[SourceQuality "1"]
[TimeControl "40/5400+30:1800+30"]

1. f4 d5 2. Nf3 g6 3. e3 Bg7 4. d4 c5 5. c3 Nf6 6. Bd3 O-O 7. O-O b6 8. Qe2 Bb7 9. Nbd2 Ne4 10. a4 Nd7 11. Ne5 f6 12. Nxe4 fxe5 13. Ng5 e4 14. Bb5 Rf6 15. a5 bxa5 16. h4 Bc6 17. h5 Bxb5 18. Qxb5 Rb8 19. Qxa5 Qxa5 20. Rxa5 Rb7 21. hxg6 Rxg6 22. Rd1 e6 23. dxc5 Rc7 24. b4 Bxc3 25. Bd2 Bxd2 26. Rxd2 Nb8 27. b5 Nd7 28. Ra6 Rxc5 29. Rxa7 Nb6 30. Rb7 Rxb5 31. Rc2 Rb1+ 32. Kh2 Rh6+ 33. Kg3 Rf6 34. Rcc7 h6 35. Nh7 Rg6+ 36. Kh2 Kh8 37. Rb8+ Rg8 38. Nf6 1-0

[Event "EYCC Open-U16 2019"]
[Site "Bratislava"]
[Date "2019.08.07"]
[Round "6.9"]
[White "Mis, Mieszko"]
[Black "Horvath, Dominik"]
[Result "1/2-1/2"]
[ECO "D31"]
[WhiteElo "2284"]
[BlackElo "2424"]
[Annotator "NA"]
[PlyCount "48"]
[EventDate "2019.08.02"]
[EventType "swiss"]
[EventCountry "SVK"]
[SourceTitle "playchess.com"]
[Source "ChessBase"]
[SourceQuality "1"]
[TimeControl "40/5400+30:1800+30"]

1. d4 d5 2. c4 e6 3. Nc3 a6 4. cxd5 exd5 5. Nf3 h6 6. Bf4 Nf6 7. e3 c5 8. dxc5 Bxc5 9. Be2 Nc6 10. O-O O-O 11. Rc1 Ba7 12. Ne5 Re8 13. Nxc6 bxc6 14. Qa4 Bd7 15. Qb3 Bb8 16. Bxb8 Rxb8 17. Qa3 a5 18. Rfe1 Rb4 19. Na4 Ng4 20. Nc5 Qf6 21. Bxg4 Bxg4 22. Nd3 Rb5 23. Qc3 Qxc3 24. Rxc3 Bf5 1/2-1/2

[Event "EYCC Open-U16 2019"]
[Site "Bratislava"]
[Date "2019.08.07"]
[Round "6.10"]
[White "Subelj, Jan"]
[Black "Risteski, Emil"]
[Result "1/2-1/2"]
[ECO "B20"]
[WhiteElo "2425"]
[BlackElo "2150"]
[Annotator "NA"]
[PlyCount "46"]
[EventDate "2019.08.02"]
[EventType "swiss"]
[EventCountry "SVK"]
[SourceTitle "playchess.com"]
[Source "ChessBase"]
[SourceQuality "1"]
[TimeControl "40/5400+30:1800+30"]

1. e4 c5 2. g3 d5 3. exd5 Qxd5 4. Nf3 Bg4 5. Be2 Nc6 6. h3 Bh5 7. Nc3 Qd7 8. d3 Nf6 9. Be3 e6 10. g4 Bg6 11. Nh4 Nd5 12. Nxd5 exd5 13. Nxg6 hxg6 14. d4 c4 15. b3 Bb4+ 16. Kf1 Bc3 17. Rb1 b5 18. Bf3 O-O 19. bxc4 bxc4 20. Rb5 Ne7 21. Qb1 Qd6 22. Rb7 Rab8 23. Qb5 Rxb7 1/2-1/2

[Event "EYCC Open-U16 2019"]
[Site "Bratislava"]
[Date "2019.08.07"]
[Round "6.11"]
[White "Mukhutdinov, Tigran"]
[Black "Remizov, Yaroslav"]
[Result "1/2-1/2"]
[ECO "A06"]
[WhiteElo "2328"]
[BlackElo "2357"]
[Annotator "NA"]
[PlyCount "50"]
[EventDate "2019.08.02"]
[EventType "swiss"]
[EventCountry "SVK"]
[SourceTitle "playchess.com"]
[Source "ChessBase"]
[SourceQuality "1"]
[TimeControl "40/5400+30:1800+30"]

1. Nf3 d5 2. g3 Bg4 3. Bg2 Nd7 4. c4 e6 5. Qb3 Nc5 6. Qe3 c6 7. d4 Nd7 8. O-O Ngf6 9. h3 Bh5 10. cxd5 cxd5 11. Qb3 Qb6 12. Bf4 Qxb3 13. axb3 Ne4 14. Nc3 Bd6 15. Bxd6 Nxd6 16. g4 Bg6 17. Ne5 Bc2 18. Ra3 f6 19. Nxd7 Kxd7 20. Rc1 Bg6 21. Rca1 a6 22. Rc1 Nb5 23. Nxb5 axb5 24. b4 Rhc8 25. Rc5 b6 1/2-1/2

[Event "EYCC Open-U16 2019"]
[Site "Bratislava"]
[Date "2019.08.07"]
[Round "6.12"]
[White "Veiga, Jose Francisco R P N"]
[Black "Ceres, Dragos"]
[Result "1-0"]
[ECO "C78"]
[WhiteElo "2357"]
[BlackElo "2266"]
[Annotator "NA"]
[PlyCount "67"]
[EventDate "2019.08.02"]
[EventType "swiss"]
[EventCountry "SVK"]
[SourceTitle "playchess.com"]
[Source "ChessBase"]
[SourceQuality "1"]
[TimeControl "40/5400+30:1800+30"]

1. e4 e5 2. Nf3 Nc6 3. Bb5 a6 4. Ba4 Nf6 5. O-O b5 6. Bb3 Bc5 7. c3 d6 8. a4 Rb8 9. d4 Bb6 10. a5 Ba7 11. h3 O-O 12. Be3 exd4 13. cxd4 Nxe4 14. Qc2 Qe8 15. Nc3 Bf5 16. Nh4 Nb4 17. Qd1 Bc8 18. Re1 Qe7 19. Nf3 Nf6 20. Bg5 Qd8 21. Ne4 Bf5 22. Nxf6+ gxf6 23. Bh6 Re8 24. Rxe8+ Qxe8 25. Qd2 Nc6 26. Re1 Qd8 27. Qf4 Bg6 28. Bd5 Ne7 29. Qxf6 Nf5 30. Bxf7+ Bxf7 31. Qxf5 Bg6 32. Qe6+ Bf7 33. Qg4+ Bg6 34. Re6 1-0

[Event "EYCC Open-U16 2019"]
[Site "Bratislava"]
[Date "2019.08.07"]
[Round "6.13"]
[White "Cohen Revivo, Shoham"]
[Black "Boyer, Mahel"]
[Result "1-0"]
[ECO "B00"]
[WhiteElo "2254"]
[BlackElo "2295"]
[Annotator "NA"]
[PlyCount "59"]
[EventDate "2019.08.02"]
[EventType "swiss"]
[EventCountry "SVK"]
[SourceTitle "playchess.com"]
[Source "ChessBase"]
[SourceQuality "1"]
[TimeControl "40/5400+30:1800+30"]

1. e4 Nc6 2. d4 d5 3. exd5 Qxd5 4. Nf3 e5 5. Nc3 Bb4 6. Bd2 Bxc3 7. Bxc3 e4 8. Ne5 Nxe5 9. dxe5 Ne7 10. Be2 Be6 11. O-O O-O-O 12. Qc1 Qc5 13. Re1 Ng6 14. Bf1 Bd5 15. Qg5 Bc6 16. Qg3 Rde8 17. b4 Qe7 18. b5 Bd5 19. Qe3 Kb8 20. Bd4 b6 21. c4 Ba8 22. c5 Nxe5 23. c6 f5 24. h3 Ng6 25. a4 f4 26. Qc3 Nh4 27. a5 Nf5 28. axb6 cxb6 29. Bxb6 axb6 30. c7+ 1-0

[Event "EYCC Open-U16 2019"]
[Site "Bratislava"]
[Date "2019.08.07"]
[Round "6.14"]
[White "Stefansson, Vignir Vatnar"]
[Black "Vorisek, Jakub"]
[Result "1-0"]
[ECO "D30"]
[WhiteElo "2293"]
[BlackElo "2071"]
[Annotator "NA"]
[PlyCount "147"]
[EventDate "2019.08.02"]
[EventType "swiss"]
[EventCountry "SVK"]
[SourceTitle "playchess.com"]
[Source "ChessBase"]
[SourceQuality "1"]
[TimeControl "40/5400+30:1800+30"]

1. d4 d5 2. c4 e6 3. Nf3 c5 4. e3 Nf6 5. a3 a6 6. dxc5 Bxc5 7. b4 Bd6 8. Bb2 O-O 9. Nbd2 Nc6 10. Be2 Bc7 11. Rc1 dxc4 12. Nxc4 b5 13. Qxd8 Rxd8 14. Ncd2 Bd7 15. Bxf6 gxf6 16. Ne4 Kg7 17. Nc5 Be8 18. Nd2 a5 19. Bxb5 axb4 20. Ncb3 Ne5 21. Bxe8 Nd3+ 22. Ke2 Nxc1+ 23. Rxc1 Rxe8 24. Rxc7 bxa3 25. Rc1 Rec8 26. Ra1 Rc2 27. Nd4 Rb2 28. Kd1 e5 29. Nc2 a2 30. Kc1 Rab8 31. e4 Kg6 32. Ne3 h5 33. Nec4 R2b4 34. Rxa2 Rc8 35. Rc2 Rc5 36. Ne3 Rxc2+ 37. Kxc2 Ra4 38. h4 Ra2+ 39. Kd3 Ra4 40. Nf5 Ra3+ 41. Ke2 Ra2 42. g3 Rb2 43. Ke3 Rc2 44. Ne7+ Kg7 45. f3 Rc3+ 46. Ke2 Ra3 47. Nc4 Ra2+ 48. Ke3 Ra4 49. Kd3 Ra2 50. g4 Rh2 51. Nd6 hxg4 52. fxg4 Rg2 53. Nef5+ Kg6 54. h5+ Kh7 55. Ne8 Kh8 56. Ne3 Rf2 57. Nd6 Kg7 58. Ndf5+ Kh8 59. Kc4 Rd2 60. Kc5 Kg8 61. Nd5 Kh8 62. Kd6 Re2 63. Nxf6 Rd2+ 64. Kxe5 Ra2 65. Nd5 Re2 66. g5 Rg2 67. Kf6 Rh2 68. h6 Re2 69. e5 Rg2 70. Nde3 Rg1 71. Nd6 Rg3 72. Nxf7+ Kg8 73. g6 Rf3+ 74. Nf5 1-0

[Event "EYCC Open-U16 2019"]
[Site "Bratislava"]
[Date "2019.08.07"]
[Round "6.15"]
[White "Briem, Stephan"]
[Black "Olsen, Filip Boe"]
[Result "1/2-1/2"]
[ECO "D70"]
[WhiteElo "2223"]
[BlackElo "2383"]
[Annotator "NA"]
[PlyCount "81"]
[EventDate "2019.08.02"]
[EventType "swiss"]
[EventCountry "SVK"]
[SourceTitle "playchess.com"]
[Source "ChessBase"]
[SourceQuality "1"]
[TimeControl "40/5400+30:1800+30"]

1. d4 Nf6 2. c4 g6 3. Nf3 Bg7 4. e3 O-O 5. Be2 d5 6. cxd5 Nxd5 7. e4 Nb6 8. O-O Bg4 9. Nbd2 c5 10. dxc5 N6d7 11. Nb3 a5 12. a4 Na6 13. Nfd4 Bxe2 14. Qxe2 Ndxc5 15. Rd1 Nxb3 16. Nxb3 Qb6 17. Qb5 Qxb5 18. axb5 Nb4 19. Rxa5 Rad8 20. Rxd8 Rxd8 21. Kf1 Nd3 22. Be3 Nxb2 23. Ra7 Nc4 24. Rxb7 Nd6 25. Rb6 Nxe4 26. Rc6 Nc3 27. Bd4 Nxb5 28. Bxg7 Kxg7 29. g3 g5 30. Rc5 Rd1+ 31. Kg2 Nd6 32. Rxg5+ Kf6 33. Ra5 Rb1 34. Nc5 Rb2 35. Ra6 Kg7 36. Ra4 Rc2 37. Ne4 Nxe4 38. Rxe4 e6 39. Ra4 Rb2 40. h4 Rc2 41. Rb4 1/2-1/2

[Event "EYCC Open-U16 2019"]
[Site "Bratislava"]
[Date "2019.08.07"]
[Round "6.16"]
[White "Kochavi, Ori"]
[Black "Svane, Frederik"]
[Result "0-1"]
[ECO "B50"]
[WhiteElo "2153"]
[BlackElo "2334"]
[Annotator "ChessBase"]
[PlyCount "320"]
[EventDate "2019.08.02"]
[EventType "swiss"]
[EventCountry "SVK"]
[SourceTitle "playchess.com"]
[Source "ChessBase"]
[SourceQuality "1"]
[TimeControl "40/5400+30:1800+30"]

1. e4 c5 2. Nf3 d6 3. c3 Nf6 4. h3 Nc6 5. Bd3 g6 6. O-O Bg7 7. Bc2 O-O 8. d4 cxd4 9. cxd4 d5 10. e5 Ne4 11. Nc3 Bf5 12. Re1 Nxc3 13. bxc3 Bxc2 14. Qxc2 Rc8 15. Bg5 Qd7 16. e6 fxe6 17. Qd2 Rxf3 18. gxf3 e5 19. Kg2 exd4 20. cxd4 Rf8 21. Bh6 Bxh6 22. Qxh6 Nxd4 23. Rad1 Ne6 24. Re4 Rf7 25. Rh4 Qc7 26. Rxd5 Nf4+ 27. Rxf4 Rxf4 28. Rd8+ Qxd8 29. Qxf4 b6 30. Qe4 Kf8 31. Qf4+ Kg8 32. Qe4 a5 33. Qe6+ Kf8 34. Qe5 Kg8 35. Qe6+ Kf8 36. Qe5 Kf7 37. Qf4+ Kg8 38. Qc4+ Kf8 39. Qf4+ Ke8 40. Qh4 h5 41. Qc4 Qd6 42. Qc8+ Kf7 43. Qc4+ Qe6 44. Qf4+ Kg8 45. a4 Qd6 46. Qc4+ Kg7 47. Qc3+ Kf7 48. Qc4+ Kf6 49. Qc3+ Ke6 50. Qc8+ Kd5 51. Qc2 Qf6 52. Qb3+ Kc5 53. Qb5+ Kd4 54. Kg1 Kc3 55. Kg2 Qd6 56. Qb1 Qf6 57. Qb5 Kc2 58. Kg3 Qd6+ 59. Kg2 Qc5 60. Qe2+ Kb3 61. Qe4 Qg5+ 62. Kh2 Qf6 63. Kg2 Qd6 64. Kh1 Qf6 65. Kg2 g5 66. Kg1 h4 67. Kg2 Ka3 68. Qc4 Qd6 69. Qe4 Qc5 70. Qg4 Kb3 71. Qe4 e6 72. Kg1 Qd6 73. Kg2 Ka3 74. Qc2 Qd5 75. Qb1 Qd4 76. Qc2 Kb4 77. Qa2 Qc5 78. Qa1 Kb3 79. Qd1+ Qc2 80. Qd7 Qc5 81. Qd1+ Kb4 82. Qa1 Qc6 83. Qd1 Qc5 84. Qa1 Qd6 85. Qa2 Qd4 86. Qc2 Qc4 87. Qd1 Qb3 88. Qd4+ Ka3 89. Qa1+ Qa2 90. Qd4 Qb2 91. Qd1 e5 92. Qd7 Qd4 93. Qc6 Qc5 94. Qe4 Kb3 95. Kg1 Kb2 96. Kg2 Ka3 97. Kg1 Qd4 98. Qc6 Qc5 99. Qe4 Qc1+ 100. Kg2 Qf4 101. Qc6 Qb4 102. Kg1 Qd4 103. Kg2 Kb3 104. Kg1 Qc5 105. Qd7 Qc4 106. Qd6 Kxa4 107. Qxb6 Qd4 108. Qb1 Ka3 109. Qc1+ Ka2 110. Qc2+ Ka3 111. Qc1+ Kb4 112. Qb1+ Kc5 113. Qc1+ Kd5 114. Qxg5 a4 115. Qg8+ Kc5 116. Qa2 Qd1+ 117. Kg2 Qb3 118. Qe2 Qc3 119. f4 exf4 120. Qe7+ Kb5 121. Qb7+ Kc4 122. Qf7+ Kb5 123. Qb7+ Ka5 124. Qa8+ Kb4 125. Qb8+ Ka3 126. Qxf4 Kb3 127. Qf7+ Qc4 128. Qf3+ Kc2 129. Qa3 Qe4+ 130. Kh2 Kb1 131. Qc3 Qc2 132. Qb4+ Ka2 133. Qxh4 a3 134. Qd4 Kb3 135. Qd5+ Qc4 136. Qd1+ Kc3 137. Qa1+ Kb4 138. Qe1+ Kb5 139. Qe8+ Ka5 140. Qe1+ Ka6 141. Kg3 a2 142. f4 Qd3+ 143. Kg4 Qd7+ 144. f5 Qg7+ 145. Kh5 Qh7+ 146. Kg5 Qg7+ 147. Kh5 a1=Q 148. Qxa1+ Qxa1 149. Kg6 Qg1+ 150. Kf7 Qf1 151. f6 Qxh3 152. Kg8 Qg4+ 153. Kf8 Qb4+ 154. Kg7 Qd4 155. Kg6 Qg4+ 156. Kh7 Qf5+ 157. Kg7 Qg5+ 158. Kf7 Kb6 159. Ke6 Qe3+ 160. Kf7 Kc6 0-1

[Event "EYCC Open-U16 2019"]
[Site "Bratislava"]
[Date "2019.08.07"]
[Round "6.17"]
[White "Sorensen, Hampus"]
[Black "Niedbala, Bartlomiej"]
[Result "1/2-1/2"]
[ECO "A04"]
[WhiteElo "2352"]
[BlackElo "2152"]
[Annotator "NA"]
[PlyCount "115"]
[EventDate "2019.08.02"]
[EventType "swiss"]
[EventCountry "SVK"]
[SourceTitle "playchess.com"]
[Source "ChessBase"]
[SourceQuality "1"]
[TimeControl "40/5400+30:1800+30"]

1. Nf3 f5 2. d3 Nc6 3. d4 e6 4. g3 Nf6 5. Bg2 d6 6. O-O Be7 7. c4 O-O 8. d5 Ne5 9. Qb3 Nxf3+ 10. exf3 e5 11. f4 Kh8 12. Nc3 Nd7 13. Qc2 exf4 14. gxf4 Bf6 15. Be3 Nc5 16. Rae1 a5 17. Nb5 Bd7 18. Nd4 Bxd4 19. Bxd4 b6 20. b3 Qh4 21. Qc3 Rf7 22. Qg3 Qxg3 23. hxg3 Kg8 24. Rb1 Re7 25. Bf3 Kf7 26. Rfd1 g6 27. a3 Ne4 28. Kg2 h5 29. Rb2 Ra7 30. Be2 Ra8 31. f3 Nf6 32. Kf2 Ree8 33. Bd3 Rh8 34. Rh1 Rhe8 35. Re2 Rxe2+ 36. Bxe2 Re8 37. Bd3 Re7 38. b4 axb4 39. axb4 b5 40. Ra1 bxc4 41. Bxc4 h4 42. gxh4 Nh5 43. Be3 Be8 44. Bd2 Nf6 45. Ra7 Nd7 46. Rxc7 Nb6 47. Rxe7+ Kxe7 48. Bd3 Bd7 49. Ke3 Nxd5+ 50. Kd4 Nc7 51. Bc4 Bc6 52. Be3 Bd7 53. Kd3 Bc6 54. Bb6 Nb5 55. Kd2 Na3 56. Be2 Bb5 57. Bxb5 Nxb5 58. Kd3 1/2-1/2

[Event "EYCC Open-U16 2019"]
[Site "Bratislava"]
[Date "2019.08.07"]
[Round "6.18"]
[White "Degraeve, Remy"]
[Black "Melaa, Sondre"]
[Result "1-0"]
[ECO "C68"]
[WhiteElo "2349"]
[BlackElo "2118"]
[Annotator "NA"]
[PlyCount "83"]
[EventDate "2019.08.02"]
[EventType "swiss"]
[EventCountry "SVK"]
[SourceTitle "playchess.com"]
[Source "ChessBase"]
[SourceQuality "1"]
[TimeControl "40/5400+30:1800+30"]

1. e4 e5 2. Nf3 Nc6 3. Bb5 a6 4. Bxc6 dxc6 5. O-O Bg4 6. h3 h5 7. d3 Qf6 8. Nbd2 g5 9. b3 Qg7 10. Nc4 f6 11. hxg4 hxg4 12. Nxg5 Qh6 13. Nh3 Qh4 14. Kh2 O-O-O 15. Qe1 Bc5 16. Be3 Bxe3 17. Nxe3 Ne7 18. f3 gxh3 19. Qxh4 Rxh4 20. g3 Rh7 21. Ng4 Rf8 22. Rg1 Kd7 23. Raf1 Ke6 24. f4 Rg7 25. f5+ Kd6 26. Nf2 c5 27. g4 Nc6 28. c3 b5 29. Rg3 b4 30. Nd1 a5 31. cxb4 axb4 32. Ne3 Nd4 33. Rxh3 Ne2 34. Rh6 Nf4 35. Kg3 c6 36. Rxf4 exf4+ 37. Kxf4 Ke7 38. e5 Rgf7 39. Nc4 Rg8 40. Nd6 Rff8 41. Rh7+ Kd8 42. e6 1-0

[Event "EYCC Open-U16 2019"]
[Site "Bratislava"]
[Date "2019.08.07"]
[Round "6.19"]
[White "Suvorov, Alexander"]
[Black "Timoshin, Andrei"]
[Result "0-1"]
[ECO "D96"]
[WhiteElo "2333"]
[BlackElo "2154"]
[Annotator "NA"]
[PlyCount "112"]
[EventDate "2019.08.02"]
[EventType "swiss"]
[EventCountry "SVK"]
[SourceTitle "playchess.com"]
[Source "ChessBase"]
[SourceQuality "1"]
[TimeControl "40/5400+30:1800+30"]

1. d4 d5 2. c4 c6 3. Nf3 Nf6 4. Nc3 g6 5. Bf4 Bg7 6. e3 a6 7. h3 O-O 8. Be2 b5 9. cxd5 cxd5 10. Ne5 Bb7 11. O-O Nc6 12. Rc1 Rc8 13. Nd3 Re8 14. b4 Ne4 15. Nxe4 dxe4 16. Nc5 Qb6 17. Qb3 e5 18. dxe5 Nxe5 19. a4 Red8 20. axb5 axb5 21. Rfd1 h6 22. Kh1 h5 23. Qb1 Rxd1+ 24. Rxd1 Qc6 25. Qb3 Nd3 26. Nxd3 exd3 27. Bf3 Qc2 28. Qxd3 Bxf3 29. Qxc2 Rxc2 30. gxf3 Rb2 31. Rd8+ Kh7 32. Bd6 Rxf2 33. Bc5 Rxf3 34. Kg2 Rf5 35. Rb8 Bc3 36. Rb7 h4 37. Be7 Be1 38. Rb8 g5 39. Bc5 Rf2+ 40. Kg1 Rf3 41. Kg2 Rg3+ 42. Kh2 f5 43. Bd4 Kh6 44. Rb6+ Kh5 45. Rxb5 Rf3 46. Rb7 f4 47. exf4 gxf4 48. b5 Rd3 49. Bg1 Bg3+ 50. Kh1 Rd1 51. Rf7 Bf2 52. Rg7 f3 53. Rg4 Bg3 54. Rd4 Rb1 55. Rd5+ Kg6 56. b6 f2 0-1